 Dungeon Crawl Stone Soup version 0.22.1-1-ga44c0e56f4 (webtiles) character file.

547 OdinFK the Covert (level 7, -2/35 HPs)
             Began as a Spriggan Assassin on Sept 26, 2018.
             Slain by an orc
             ... wielding a +0 trident
              (5 damage)
             ... on level 4 of the Dungeon.
             The game lasted 00:18:16 (4435 turns).

OdinFK the Covert (Spriggan Assassin)               Turns: 4435, Time: 00:18:18

Health: -2/35      AC:  3    Str:  7    XL:     7   Next: 7%
Magic:  8/8        EV: 17    Int: 12    God:
Gold:   251        SH:  0    Dex: 20    Spells: 6/6 levels left

rFire    . . .     SeeInvis +   a - +3 dagger
rCold    . . .     Gourm    .   (shield restricted)
rNeg     + . .     Faith    .   c - +0 robe
rPois    .         Spirit   .   (helmet restricted)
rElec    .         Reflect  .   d - +0 cloak
rCorr    .         Harm     .   (gloves unavailable)
MR       +....                  (boots unavailable)
Stlth    +++++.....             (no amulet)
HPRegen  0.11/turn              j - ring of positive energy
MPRegen  0.11/turn              w - -2 ring of evasion (curse)

@: very quick
A: very small, unfitting armour, see invisible, herbivore, speed 3, slow
metabolism 2
a: no special abilities


You were on level 4 of the Dungeon.
You were near starving.

You visited 1 branch of the dungeon, and saw 4 of its levels.
You also visited: Ossuary.

You collected 251 gold pieces.

Inventory:

Hand Weapons
 a - a +3 dagger (weapon)
 b - a +0 blowgun
Missiles
 e - 39 poisoned needles
 f - 2 curare-tipped needles
 q - 3 needles of sleeping
Armour
 c - a +0 robe (worn)
 d - a +0 cloak (worn)
Jewellery
 j - a ring of positive energy (left hand)
 w - a cursed -2 ring of evasion (right hand)
Wands
 o - a wand of polymorph (20)
Scrolls
 h - 2 scrolls of identify
 i - 3 scrolls of teleportation
 k - a scroll of magic mapping
 l - 2 scrolls of enchant weapon
 v - a scroll of amnesia {unknown}
Potions
 m - a potion of heal wounds
 n - a potion of invisibility {unknown}
 p - a potion of magic {unknown}
 r - a potion of berserk rage {unknown}
 s - a potion of mutation {unknown}
 t - a potion of brilliance {unknown}
 u - a potion of curing {unknown}
Comestibles
 g - 8 rations


   Skills:
 + Level 2.2 Fighting
 + Level 3.8 Short Blades
 + Level 2.5 Throwing
 + Level 3.4 Dodging
 * Level 10.9 Stealth


You had 6 spell levels left.
You didn't know any spells.
Your spell library contained the following spells:

 Spells                   Type           Power        Failure   Level  Hunger
 Beastly Appendage        Tmut           #.....       32%         1    ##.....
 Sticks to Snakes         Tmut           #.......     45%         2    ###....
 Spider Form              Tmut/Pois      #.........   69%         3    ####...
 Ice Form                 Ice/Tmut       #.......     97%         4    #####..
 Blade Hands              Tmut           #.........   100%        5    ######.


Dungeon Overview and Level Annotations

Branches:
Dungeon (4/15)
 Temple: D:4-7

Altars:
Xom

Shops:
D:4 *


Innate Abilities, Weirdness & Mutations

You are very small and have problems with some larger weapons.
You are too small for most types of armour.
You have supernaturally acute eyesight. (SInv)
You are a herbivore.
You cover ground extremely quickly.
You need to consume almost no food.


Message History

The orc wizard is almost dead.
The orc wizard barely misses you.
The orc hits you from afar with a trident.
You closely miss the orc wizard.
The orc wizard is severely wounded.
The orc wizard barely misses you.
You hit the orc wizard but do no damage.
The orc wizard is severely wounded.
The orc hits you from afar with a trident.
* * * LOW HITPOINT WARNING * * *
You hit the orc wizard.
The orc wizard is almost dead.
The orc wizard misses you. The orc barely misses you.
You barely miss the orc wizard.
The orc wizard is almost dead.
The orc wizard gestures at you while chanting.
The magic dart hits you!
* * * LOW HITPOINT WARNING * * *
The orc hits you from afar with a trident.
You die...

******###* ###*####*******
*,,,,,,..* ##.##...,,,,,,,*
*,*****#.######...#.#*******,*
*,##.###.#..........# *,*
*,#......oo....$?...# *,*
*,##.###.#)o........# *,* *,*,,*
#.#####.oo...# **,** *,,,,**#.*
###o#### *,,,* *,,,,,,..* ##@##
*,,,** ***,***##* ##...## *,,,,**
*,**** ##.....## **,,,,,* *,**,**
##.......## **,,,,,**
***,*,,,***#.........#***,,,,,,,,
,,,,,,,,,,,+.........+,,,,,,,,**,
***,*,,,***#.........#,,,,,,,,**,
*,,,,,** ##.......##,**,,,,,**,
**,*,** ##.....##*,**,**,***,


You could see an orc wizard and 2 orcs.

Vanquished Creatures
  Sigmund (D:2)
  2 hounds (D:4)
  A centaur skeleton (D:4)
  A big kobold zombie (Ossuary)
  5 hound zombies (Ossuary)
  2 mummies (Ossuary)
  7 adders
  3 oozes
  4 adder zombies (Ossuary)
  2 worms
  2 dart slugs (D:3)
  5 leopard geckos
  5 orcs
  2 giant cockroaches
  8 goblins
  2 hobgoblins
  A jackal (D:4)
  A quokka (D:2)
  3 ball pythons
  6 bats
  8 frilled lizards
  A gnoll zombie (Ossuary)
  A goblin zombie (Ossuary)
  5 hobgoblin zombies (Ossuary)
  4 jackal zombies (Ossuary)
  5 kobolds
  5 kobold zombies (Ossuary)
  7 quokka zombies
  11 rats
  3 rat zombies
113 creatures vanquished.

Vanquished Creatures (others)
  5 dream sheep (D:4)
5 creatures vanquished.

Grand Total: 118 creatures vanquished

Notes
Turn   | Place    | Note
-------+----------+-------------------------------------------
     0 | D:1      | OdinFK the Spriggan Assassin began the quest for the Orb.
     0 | D:1      | Reached XP level 1. HP: 10/10 MP: 2/2
    47 | D:1      | Reached skill level 6 in Stealth
   182 | D:1      | Reached XP level 2. HP: 9/14 MP: 3/3
   691 | D:2      | Reached skill level 7 in Stealth
   781 | D:2      | Noticed Sigmund
   806 | D:2      | Reached XP level 3. HP: 11/18 MP: 4/4
   850 | D:2      | Killed Sigmund
   850 | D:2      | Reached skill level 9 in Stealth
   850 | D:2      | Reached XP level 4. HP: 15/23 MP: 5/5
   850 | D:2      | Reached XP level 5. HP: 18/26 MP: 6/6
  2042 | D:3      | Reached skill level 10 in Stealth
  2042 | D:3      | Reached XP level 6. HP: 26/30 MP: 7/7
  2390 | D:4      | Found a sand-covered staircase.
  2554 | Ossuary  | Entered an ossuary
  4160 | D:4      | Reached XP level 7. HP: 33/35 MP: 8/8
  4172 | D:4      | Found a shimmering altar of Xom.
  4172 | D:4      | Noticed a dream sheep
  4172 | D:4      | Noticed a dream sheep
  4172 | D:4      | Noticed a dream sheep
  4172 | D:4      | Noticed a dream sheep
  4172 | D:4      | Noticed a dream sheep
  4181 | D:4      | Killed a dream sheep
  4181 | D:4      | Killed a dream sheep
  4181 | D:4      | Killed a dream sheep
  4181 | D:4      | Killed a dream sheep
  4183 | D:4      | Killed a dream sheep
  4331 | D:4      | Found Igof's General Store.
  4435 | D:4      | Slain by an orc

Skill      XL: |  1  2  3  4  5  6 |
---------------+-------------------+-----
Stealth        | 6 7 9 10 | 10.9
Dodging        | 2 3 |  3.4
Fighting       | 2 |  2.2
Short Blades   | 3 |  3.8
Throwing       | |  2.5

Action                   |  1- 3 |  4- 6 |  7- 9 || total
-------------------------+-------+-------+-------++-------
Melee: Dagger            |    62 |   368 |    35 ||   465
 Fire: Blowgun           |     6 |    28 |       ||    34
  Use: Scroll            |       |       |     4 ||     4
 Stab: Sleeping          |     9 |    32 |     1 ||    42
       Distracted        |       |     1 |     1 ||     2
Armor: Robe              |     3 |    24 |     7 ||    34
Dodge: Dodged            |    28 |   250 |    29 ||   307
